Map: Mech Depot LE

Players

Snute

  • Race: Zerg Zerg
  • Spawn Location: 1:00

Stats - Winner!

  • Race: Protoss Protoss
  • Spawn Location: 7:00

Event: 2017 WCS Global Finals

VOD

Have the link to the VOD?

Description

Time

  • Played on: Oct. 27, 2017, 4:56 p.m.
  • Length: 16:58

All games in this series

Show
View Real Time Build Order
Export as new Build Order

Snute Zerg 

Build Orders: Hatch First 

Get SALT Encoding   

  12  0:00  Drone  
  13  0:12  Overlord  
  13  0:16  Drone  
  14  0:30  Drone x2  
  14  0:34  Drone  
  17  0:51  Hatchery  
  17  0:54  Drone  
  17  0:58  Drone  
  17  1:00  Extractor  
  17  1:13  Spawning Pool  
  17  1:16  Drone  
  17  1:19  Drone  
  18  1:28  Drone  
  19  1:38  Overlord  
  19  1:49  Drone  
  20  1:59  Queen  
  20  2:00  Zergling x2  
  20  2:01  Metabolic Boost  
  23  2:08  Queen  
  25  2:12  Drone  
  26  2:16  Drone  
  26  2:17  Drone  
  26  2:21  Drone  
  29  2:26  Drone  
  30  2:32  Drone  
  30  2:35  Drone  
  32  2:43  Overlord  
  32  2:48  Zergling x2  
  33  2:54  Overlord  
  33  2:59  Hatchery  
  33  3:01  Drone  
  33  3:06  Drone  
  33  3:08  Drone x3  
  33  3:09  Drone  
  38  3:13  Queen  
  38  3:18  Drone x3  
  38  3:19  Drone  
  44  3:20  Drone  
  45  3:31  Overlord  
  45  3:35  Zergling x2  
  45  3:38  Queen  
  45  3:39  Zergling x2  
  49  3:42  Evolution Chamber, Zergling x2  
  49  3:49  Drone  
  49  3:51  Spore Crawler  
  49  3:52  Spore Crawler  
  49  3:53  Drone  
  49  3:54  Drone x3  
  52  3:56  Drone x2  
  52  3:57  Drone  
  55  4:03  Drone  
  55  4:04  Drone  
  57  4:11  Queen  
  57  4:16  Drone  
  57  4:17  Drone x2  
  62  4:18  Zerg Melee Weapons Level 1  
  62  4:22  Overlord  
  62  4:24  Drone x2  
  62  4:26  Drone  
  62  4:30  Spore Crawler  
  62  4:31  Drone x2  
  62  4:34  Drone x2  
  62  4:35  Drone  
  63  4:38  Overlord  
  63  4:40  Drone x2  
  63  4:43  Overlord  
  65  4:46  Queen  
  65  4:48  Lair  
  65  4:50  Spore Crawler  
  66  4:55  Baneling Nest, Drone  
  66  4:56  Extractor  
  66  4:57  Extractor  
  66  4:58  Extractor  
  66  4:59  Drone x2  
  65  5:01  Drone  
  65  5:03  Drone x2  
  65  5:05  Drone  
  65  5:06  Drone  
  65  5:07  Drone  
  71  5:08  Drone  
  71  5:10  Zergling x4  
  74  5:14  Zergling x2  
  72  5:22  Drone x3  
  72  5:25  Extractor, Overlord  
  74  5:31  Drone x4  
  74  5:32  Drone  
  79  5:38  Hatchery  
  79  5:39  Overlord  
  79  5:42  Zergling x2  
  79  5:43  Zergling x6  
  79  5:46  Centrifical Hooks  
  79  5:49  Hydralisk Den  
  81  5:51  Zergling x2  
  81  5:54  Zergling x4  
  81  5:55  Zergling x4  
  86  5:59  Overlord x3  
  86  6:00  Drone x2  
  86  6:02  Drone x2  
  90  6:04  Overlord  
  90  6:05  Baneling  
  90  6:06  Baneling x2  
  90  6:09  Baneling x5  
  90  6:10  Baneling  
  90  6:17  Queen  
  90  6:18  Queen, Spore Crawler  
  92  6:23  Hydralisk  
  92  6:24  Hydralisk  
  95  6:28  Hydralisk x2  
  95  6:31  Hydralisk  
  95  6:32  Hydralisk  
  94  6:34  Drone  
  94  6:35  Drone  
  94  6:37  Drone  
  94  6:38  Drone  
  86  6:40  Drone  
  86  6:41  Drone  
  86  6:45  Drone  
  86  6:46  Drone  
  88  6:51  Drone  
  88  6:52  Drone x4  
  93  6:56  Drone x3  
  93  7:00  Spore Crawler  
  95  7:02  Spore Crawler  
  95  7:05  Drone x2  
  95  7:07  Drone  
  97  7:10  Zerg Melee Weapons Level 2  
  97  7:11  Spore Crawler  
  97  7:13  Drone x3  
  98  7:17  Infestation Pit  
  94  7:23  Spore Crawler x2  
  94  7:24  Hydralisk x2  
  88  7:31  Drone x6  
  88  7:33  Drone x2  
  88  7:36  Hydralisk  
  92  7:38  Drone  
  92  7:39  Drone  
  92  7:40  Drone  
  92  7:41  Drone  
  92  7:42  Drone  
  98  7:44  Drone  
  98  7:45  Drone  
  98  7:47  Drone x2  
  98  7:49  Drone  
  98  7:50  Drone  
  103  7:58  Drone x2  
  105  8:00  Drone x2  
  105  8:01  Drone  
  108  8:13  Zergling x2  
  108  8:14  Zergling x10  
  108  8:15  Queen  
  108  8:17  Queen  
  118  8:21  Zergling x4  
  118  8:22  Hatchery  
  119  8:28  Overlord x3  
  119  8:33  Hatchery  
  117  8:34  Baneling x6  
  117  8:35  Baneling x2  
  117  8:41  Overlord  
  115  8:51  Zergling x2  
  115  8:52  Zergling x24  
  126  8:59  Hydralisk x3  
  126  9:01  Spire  
  126  9:02  Hydralisk  
  128  9:06  Hydralisk  
  128  9:08  Lair  
  128  9:09  Hydralisk x2  
  132  9:26  Spore Crawler  
  132  9:31  Hydralisk x7  
  125  9:36  Hatchery  
  138  9:44  Queen, Zergling x14  
  138  9:45  Extractor, Queen  
  149  9:48  Queen, Zergling x2  
  149  9:49  Zergling x4  
  149  9:50  Baneling x5  
  153  9:57  Queen  
  153  9:59  Zergling x2  
  156  10:00  Spore Crawler, Zergling x6  
  156  10:02  Zerg Missile Weapons Level 1  
  158  10:12  Overlord x3  
  158  10:18  Baneling x5  
  157  10:22  Queen  
  157  10:23  Spore Crawler x3  
  157  10:24  Queen, Spore Crawler  
  157  10:32  Spore Crawler x2  
  157  10:33  Zergling x26  
  157  10:34  Spore Crawler x2  
  157  10:35  Spore Crawler x2  
  164  10:46  Drone x3  
  164  10:47  Overlord, Drone, Zergling x2  
  164  10:48  Zergling x10  
  174  10:53  Zergling x2  
  174  10:56  Drone x2  
  174  10:57  Spore Crawler x2, Drone x3  
  178  10:58  Drone  
  178  10:59  Spore Crawler, Drone  
  178  11:04  Hive  
  179  11:11  Baneling  
  179  11:12  Baneling x9  
  179  11:13  Baneling  
  179  11:15  Queen  
  179  11:16  Overlord  
  181  11:26  Overlord  
  181  11:27  Drone x5  
  181  11:32  Overlord  
  186  11:46  Zergling x28  
  189  11:51  Muscular Augments  
  189  11:54  Hydralisk x6  
  188  11:56  Drone x2  
  192  12:02  Drone  
  192  12:03  Drone x2  
  192  12:05  Corruptor  
  163  12:17  Zergling x20  
  169  12:26  Zergling x2  
  169  12:27  Zergling x8  
  152  12:32  Drone x5  
  152  12:35  Drone  
  154  12:39  Drone  
  154  12:43  Drone x4  
  159  12:45  Drone  
  160  12:51  Spore Crawler, Corruptor  
  160  12:52  Corruptor  
  160  12:53  Spore Crawler  
  160  12:56  Greater Spire  
  162  12:59  Drone x4  
  162  13:03  Drone x3  
  162  13:04  Drone  
  170  13:09  Drone x2  
  170  13:12  Zerg Missile Weapons Level 2  
  170  13:18  Zergling x12  
  174  13:28  Overseer  
  174  13:33  Zergling x8  
  174  13:34  Zergling x20  
  176  13:46  Zergling x14  
  176  13:47  Zergling x10  
  184  13:59  Drone x2  
  184  14:00  Drone x3  
  184  14:02  Extractor  
  188  14:14  Corruptor x3  
  188  14:15  Corruptor, Hatchery  
  198  14:24  Brood Lord x2  
  198  14:31  Spore Crawler x2  
  197  14:32  Spore Crawler, Brood Lord  
  197  14:37  Adrenal Glands  
  197  14:43  Zerg Flyer Armor Level 1  
  197  14:47  Infestation Pit  
  197  14:51  Brood Lord  
  198  14:55  Extractor  
  196  15:06  Brood Lord x2  
  198  15:18  Zergling x12  
  196  15:32  Spore Crawler x2  
  196  15:33  Spore Crawler x2  
  196  15:34  Brood Lord  
  190  15:37  Pneumatized Carapace  
  190  15:38  Overseer  
  190  15:39  Overseer x2  
  165  16:05  Zergling x22  
  165  16:08  Infestor x8  
  161  16:26  Drone  
  161  16:27  Drone x7  
  161  16:28  Drone  
  161  16:32  Spore Crawler  
Show
View Real Time Build Order
Export as new Build Order

Stats Protoss - Winner!

Build Orders: 1 Gate Expand, Oracle Opening, Carriers 

Get SALT Encoding   

  12  0:00  Probe (Chrono Boost)  
  13  0:11  Probe (Chrono Boost)  
  14  0:18  Pylon  
  14  0:22  Probe (Chrono Boost)  
  15  0:36  Probe (Chrono Boost)  
  15  0:40  Gateway  
  16  0:47  Assimilator, Probe (Chrono Boost)  
  17  0:57  Probe (Chrono Boost)  
  18  1:08  Probe (Chrono Boost)  
  20  1:18  Probe (Chrono Boost)  
  20  1:23  Nexus  
  20  1:34  Cybernetics Core  
  20  1:37  Probe (Chrono Boost)  
  21  1:45  Assimilator  
  21  1:47  Probe (Chrono Boost)  
  21  1:52  Pylon  
  22  1:58  Probe (Chrono Boost)  
  23  2:10  Adept (Chrono Boost), Probe  
  26  2:18  Stargate  
  26  2:22  Probe  
  27  2:27  Warp Gate  
  27  2:34  Adept (Chrono Boost), Probe  
  27  2:36  Probe  
  30  2:40  Pylon  
  31  2:46  Probe x2  
  32  2:57  Probe  
  32  2:58  Adept (Chrono Boost), Probe  
  32  3:02  Oracle (Chrono Boost)  
  39  3:07  Probe  
  39  3:11  Probe  
  41  3:16  Pylon  
  41  3:18  Probe  
  42  3:23  Probe  
  43  3:28  Probe  
  43  3:32  Assimilator  
  44  3:34  Oracle (Chrono Boost)  
  44  3:35  Probe  
  44  3:37  Assimilator  
  44  3:39  Probe  
  49  3:43  Pylon  
  49  3:47  Probe  
  50  3:49  Probe  
  50  3:53  Pylon  
  51  3:59  Probe, Stargate  
  51  4:00  Probe  
  53  4:10  Probe  
  53  4:11  Probe  
  53  4:16  Gateway  
  55  4:20  Mothership Core  
  55  4:23  Probe  
  58  4:25  Void Ray (Chrono Boost)  
  58  4:34  Pylon  
  58  4:35  Probe  
  59  4:44  Nexus  
  59  4:46  Oracle (Chrono Boost)  
  59  4:48  Probe x2  
  63  5:00  Pylon  
  63  5:02  Oracle (Chrono Boost), Probe x2  
  68  5:09  Pylon  
  68  5:14  Probe x2  
  70  5:20  Oracle (Chrono Boost)  
  73  5:26  Probe x2  
  75  5:35  Oracle (Chrono Boost), Pylon  
  78  5:38  Assimilator, Probe x2  
  78  5:40  Assimilator, Adept x2  
  84  5:50  Probe x2  
  84  5:51  Stargate  
  84  5:52  Oracle (Chrono Boost)  
  84  5:54  Probe  
  90  6:02  Probe x2  
  92  6:04  Probe  
  92  6:08  Pylon  
  93  6:14  Probe x2  
  93  6:18  Probe  
  96  6:26  Probe x2  
  96  6:28  Probe  
  96  6:30  Oracle x2 (Chrono Boost)  
  105  6:38  Probe x2  
  105  6:39  Oracle (Chrono Boost)  
  106  6:41  Forge  
  106  6:44  Forge  
  106  6:47  Adept x2  
  106  6:48  Nexus  
  106  6:50  Pylon  
  110  7:01  Protoss Air Weapons Level 1  
  110  7:07  Oracle x2 (Chrono Boost)  
  116  7:09  Zealot x2  
  116  7:10  Oracle (Chrono Boost)  
  123  7:16  Probe x3  
  126  7:28  Probe x3  
  120  7:38  Oracle x2 (Chrono Boost)  
  120  7:40  Protoss Ground Armor Level 1 (Chrono Boost), Probe x3, Protoss Ground Weapons Level 1 (Chrono Boost)  
  120  7:42  Oracle (Chrono Boost)  
  129  7:47  Twilight Council  
  129  7:50  Assimilator  
  132  7:54  Assimilator  
  132  7:55  Pylon  
  132  7:59  Gateway x3  
  132  8:00  Gateway  
  132  8:02  Gateway  
  132  8:05  Gateway  
  132  8:12  Zealot x2  
  136  8:13  Probe  
  136  8:14  Probe x2  
  136  8:15  Probe  
  136  8:18  Photon Cannon x2  
  140  8:20  Charge  
  140  8:28  Templar Archives  
  140  8:30  Gateway  
  140  8:33  Gateway, Robotics Facility  
  140  8:34  Photon Cannon  
  140  8:36  Photon Cannon  
  140  8:48  Zealot x2  
  144  8:50  Pylon  
  144  8:53  Pylon  
  144  8:54  Pylon, Psionic Storm  
  135  9:07  High Templar x4, Zealot  
  135  9:08  Zealot x3  
  151  9:16  Protoss Ground Weapons Level 2, Protoss Ground Armor Level 2  
  151  9:21  Archon  
  151  9:22  Archon  
  134  9:35  High Templar x4  
  134  9:36  Zealot x2  
  146  9:39  Pylon  
  146  9:40  Pylon  
  146  9:41  Photon Cannon, Pylon  
  146  9:42  Pylon  
  146  9:43  High Templar  
  146  9:44  Archon x2  
  146  9:45  Zealot x2  
  152  9:46  Warp Prism (Chrono Boost)  
  152  9:48  High Templar  
  156  9:55  Archon  
  156  9:59  Zealot x2  
  160  10:07  Zealot  
  160  10:08  Zealot x3, High Templar x2  
  160  10:12  Photon Cannon, Nexus  
  160  10:13  Photon Cannon  
  172  10:14  Fleet Beacon, Pylon  
  172  10:19  Observer (Chrono Boost)  
  173  10:21  Mothership  
  173  10:30  Zealot x7  
  173  10:31  Zealot  
  192  11:05  High Templar  
  192  11:06  High Templar x3  
  200  11:13  Photon Cannon  
  200  11:14  Graviton Catapult  
  200  11:15  Photon Cannon, Protoss Air Weapons Level 2 (Chrono Boost)  
  200  11:16  Photon Cannon  
  200  11:17  Photon Cannon  
  200  11:43  Protoss Ground Weapons Level 3, Protoss Ground Armor Level 3  
  200  11:46  Observer  
  196  11:49  Robotics Facility  
  177  12:09  Zealot x2  
  177  12:10  Zealot x5  
  188  12:20  Carrier x2  
  186  12:23  Carrier  
  180  12:46  Warp Prism, Assimilator  
  180  12:49  Warp Prism  
  184  12:51  Assimilator  
  184  12:54  High Templar x3  
  184  12:55  High Templar, Zealot x4, Pylon  
  184  12:56  Zealot  
  184  12:58  Photon Cannon, Archon  
  200  12:59  Photon Cannon, Archon  
  200  13:01  Photon Cannon x2  
  200  13:04  Photon Cannon  
  200  13:07  Photon Cannon  
  200  13:09  Photon Cannon  
  200  13:11  Pylon  
  198  13:13  Pylon  
  198  13:17  Cybernetics Core  
  198  13:19  Protoss Air Weapons Level 3 (Chrono Boost)  
  177  13:56  Carrier x3  
  195  14:06  Protoss Shields Level 1  
  195  14:11  Observer  
  196  14:26  Gateway  
  196  14:28  Gateway  
  196  14:30  Gateway  
  196  14:32  Gateway  
  196  14:34  Blink  
  196  14:38  Gateway  
  196  14:40  Nexus, Gateway  
  196  14:42  Pylon  
  196  14:49  Protoss Air Armor Level 1 (Chrono Boost)  
  196  15:02  Dark Shrine  
  193  15:20  Photon Cannon  
  193  15:22  Photon Cannon  
  193  15:24  Photon Cannon  
  193  15:26  Photon Cannon  
  193  15:27  Photon Cannon  
  193  15:29  Photon Cannon  
  193  15:33  Assimilator  
  193  15:37  Assimilator  
  193  15:41  Zealot x3  
  195  15:58  Observer  
  195  16:01  Observer  
  197  16:07  Robotics Bay  
  197  16:09  Zealot  
  199  16:18  Photon Cannon  
  199  16:20  Photon Cannon  
  199  16:21  Photon Cannon  
  199  16:23  Photon Cannon  
Tags
 
Add a new tag
Caveats
  • Supply blocks, unpowered buildings, or Contaminate may cause inaccurate times.
  • Supply counts are checked every 10 seconds.